 Dungeon Crawl Stone Soup version 0.27.1-33-g824d729ab1 (webtiles) character file.

Game seed: 15596291118248619328

99 alasdair19 the Covered (level 4, 0/40 HPs)
             Began as a Minotaur Fighter on Dec 12, 2021.
             Frozen to death by an endoplasm (5 damage)
             ... on level 2 of the Dungeon.
             The game lasted 00:02:56 (1320 turns).

alasdair19 the Covered (Minotaur Fighter)           Turns: 1320, Time: 00:02:57

Health: 0/40       AC:  7    Str: 20    XL:     4   Next: 45%
Magic:  3/3        EV:  7    Int:  6    God:
Gold:   40         SH:  9    Dex: 10    Spells: 3/3 levels left

rFire    . . .     SeeInvis .   a - +0 long sword
rCold    . . .     Faith    .   c - +0 kite shield
rNeg     . . .     Spirit   .   b - +0 scale mail
rPois    .         Reflect  .   (helmet restricted)
rElec    .         Harm     .   (no cloak)
rCorr    .         Rampage  .   (no gloves)
Will     .....                  (no boots)
Stlth    ..........             (no amulet)
HPRegen  0.13/turn              (no ring)
MPRegen  0.08/turn              (no ring)

@: on berserk cooldown, hasted and slowed
A: horns 2, retaliatory headbutt
a: no special abilities


You were on level 2 of the Dungeon.
You visited 1 branch of the dungeon, and saw 2 of its levels.

You collected 40 gold pieces.

Inventory:

Hand Weapons
 a - a +0 long sword (weapon)
 f - a +2 short sword of venom
Missiles
 j - 38 stones (quivered)
Armour
 b - a +0 scale mail (worn)
 c - a +0 kite shield (worn)
Scrolls
 h - a scroll of vulnerability {unknown}
 i - a scroll of teleportation {unknown}
 l - a scroll of enchant weapon {unknown}
Potions
 d - a potion of might
 e - a potion of degeneration {unknown}
 k - a potion of berserk rage


   Skills:
 + Level 4.1 Fighting
 + Level 3.3 Long Blades
 * Level 1.4 Throwing
 + Level 4.6 Armour
 + Level 4.2 Shields


You had 3 spell levels left.
You didn't know any spells.
Your spell library contained the following spells:

 Spells                   Type           Power      Damage    Failure   Level
 Blade Hands              Tmut           0%         N/A       100%        5
 Irradiate                Conj/Tmut      0%         3d13      100%        5
 Dragon Form              Tmut           0%         N/A       100%        7


Dungeon Overview and Level Annotations

Branches:
Dungeon (2/15)

Altars:


Innate Abilities, Weirdness & Mutations

You have a pair of horns on your head.
You reflexively headbutt those who attack you in melee.


Message History

The goblin hits you but does no damage.
You slash Robin!
You kill Robin!
You are no longer berserk.
You are exhausted.
You feel yourself slow down.
The goblin no longer looks unusually strong. x2
The goblin barely misses you. The goblin hits you but does no damage.
The goblin closely misses you.
You riposte.
You closely miss the goblin. The goblin hits you with a +0 club.
Okay, then.
You feel yourself speed up.
The goblin no longer looks unusually strong.
The goblin barely misses you. You furiously retaliate!
You headbutt the goblin!
You kill the goblin!
The goblin barely misses you.
You riposte.
You hit the goblin. Your headbutt misses the goblin.
The goblin is severely wounded.
You block the goblin's attack. The goblin barely misses you.
You block the goblin's attack. The goblin hits you with a +0 club.
* * * LOW HITPOINT WARNING * * *
The goblin hits you with a +0 club.
* * * LOW HITPOINT WARNING * * *
The goblin hits you but does no damage. You block the goblin's attack.
Things that are here:
a +0 club; a +0 dagger; a goblin corpse The goblin hits you but does no damage.
An endoplasm comes into view.
You block the adder's attack.
Found a scroll labelled ANEFRA ZIMITZ.
The goblin no longer looks unusually strong.
The endoplasm freezes you.
You are frozen.
* * * LOW HITPOINT WARNING * * *
The adder bites you but does no damage.
The endoplasm hits you but does no damage.
You block the adder's attack. The endoplasm freezes you.
You are frozen.
You die...

. . . ## .# . #? #.##
. #.. ..... . #...
#####......# .
#...##.....# ..## .
#.....@###### ...##..
#
#....JSgg...##)......
#...##g.g...).)....#
#.. #....##)†)....#
#. #........###..# #
#....###..# .# #...##
##... #...# ##..
#...# #..


You could see an adder, an endoplasm and 4 goblins.

Vanquished Creatures
  Jessica (D:2)
  Robin (D:2)
  A gnoll (D:2)
  An adder (D:2)
  A worm (D:2)
  A dart slug (D:1)
  7 ball pythons
  A bat (D:2)
  4 endoplasms
  A giant cockroach (D:1)
  7 goblins (D:2)
  2 hobgoblins
  2 quokkas (D:1)
  2 frilled lizards
  2 kobolds
  6 rats
40 creatures vanquished.

Notes
Turn   | Place    | Note
-------+----------+-------------------------------------------
     0 | D:1      | alasdair19 the Minotaur Fighter began the quest for the
                  | Orb.
     0 | D:1      | Reached XP level 1. HP: 19/19 MP: 0/0
   250 | D:1      | Found a faded altar of an unknown god.
   268 | D:1      | Reached XP level 2. HP: 27/27 MP: 1/1
  1055 | D:2      | Reached XP level 3. HP: 33/33 MP: 2/2
  1295 | D:2      | Noticed Jessica
  1296 | D:2      | Noticed Robin
  1305 | D:2      | Reached skill level 1 in Throwing
  1307 | D:2      | Killed Jessica
  1308 | D:2      | Reached XP level 4. HP: 33/40 MP: 3/3
  1310 | D:2      | Killed Robin
  1320 | D:2      | Frozen to death by an endoplasm

Illustrated notes

Levels and vault maps discovered:
D:1:      lightli_arrival_statue_moat, layout_rooms,
          hellmonk_ecumenical_altar_lost_god
D:2:      layout_rooms, grunt_ministairs_13, uniq_jessica, uniq_robin

Skill      XL: |  1  2  3 |
---------------+----------+-----
Armour         | 4 |  4.6
Shields        | 4 |  4.2
Fighting       | 4 |  4.1
Long Blades    | 3 |  3.3
Throwing       | 1 |  1.4

Action                   |  1- 3 |  4- 6 || total
-------------------------+-------+-------++-------
Melee: Long sword        |    73 |     3 ||    76
       Headbutt          |     7 |       ||     7
Throw: Stone             |     3 |       ||     3
  Use: Scroll            |     3 |       ||     3
       Potion            |     1 |     1 ||     2
Armor: Scale mail        |    42 |    10 ||    52
Dodge: Dodged            |    22 |     5 ||    27
Block: Kite shield       |    47 |     7 ||    54
       Rpst.: Long sword |     5 |     2 ||     7
